 Dungeon Sprint DCSS version 0.27-a0-1189-gb8eb6cee8e (webtiles) character file.

Game seed: 15150392495802626026

3011 mhtbhm the Scorcher (level 9, -5/45 HPs)
             Began as a Deep Elf Fire Elementalist on May 22, 2021.
             Shot with a bolt by a yaktaur (28 damage)
             ... in the Dungeon (Sprint V: "Ziggurat Sprint").
             The game lasted 00:03:18 (559 turns).

mhtbhm the Scorcher (Deep Elf Fire Elementalist)     Turns: 559, Time: 00:03:19

Health: -5/45      AC:  5    Str:  5    XL:     9   Next: 55%
Magic:  13/28      EV: 16    Int: 36    God:
Gold:   0          SH:  0    Dex: 15    Spells: 19/35 levels left

rFire    + . .     SeeInvis .   C - +8 lance "Wyrmbane" {slay drac, rPois rF+ rC+ AC+3}
rCold    + . .     Faith    .   (no shield)
rNeg     . . .     Spirit   .   a - +0 robe
rPois    +         Reflect  .   (no helmet)
rElec    .         Harm     .   (no cloak)
rCorr    .         Rampage  .   (no gloves)
Will     .....     NoTele   +   (no boots)
Stlth    ++++......             (no amulet)
HPRegen  0.15/turn              u - +6 ring of intelligence
MPRegen  0.21/turn              v - +6 ring of intelligence

@: no status effects
A: no striking features
a: no special abilities


You were in the Dungeon.
You visited 1 branch

Inventory:

Hand Weapons
 C - the +8 lance "Wyrmbane" (weapon) {slay drac, rPois rF+ rC+ AC+3}
   (You found it in the Dungeon)

   It affects your AC (+3).
   It protects you from fire.
   It protects you from cold.
   It protects you from poison.
Armour
 a - a +0 robe (worn)
Jewellery
 k - a ring of wizardry
 s - a ring of resist corrosion
 u - a +6 ring of intelligence (left hand)
 v - a +6 ring of intelligence (right hand)
Wands
 y - a wand of mindburst (6)
 z - a wand of iceblast (7)
 A - a wand of acid (7)
Scrolls
 h - 4 scrolls of blinking
 m - 4 scrolls of amnesia
 n - 7 scrolls of fog
 o - a scroll of holy word
 p - 5 scrolls of identify
 q - a scroll of fear
Potions
 b - 2 potions of brilliance
 c - 10 potions of curing
 d - 14 potions of heal wounds
 e - 6 potions of haste
 f - 7 potions of magic
 g - 3 potions of berserk rage
 i - 2 potions of invisibility
 j - 4 potions of resistance
 l - 5 potions of might
Miscellaneous
 r - a tin of tremorstones (2/2)
 B - a lightning rod (4/4)


   Skills:
 + Level 8.8 Dodging
 + Level 8.7 Stealth
 + Level 13.7 Spellcasting
 + Level 3.8 Conjurations
 + Level 16.6 Fire Magic
 + Level 6.0 Evocations


You had 19 spell levels left.
You knew the following spells:

 Your Spells              Type           Power      Damage    Failure   Level
a - Foxfire               Conj/Fire      100%       2x1d9     1%          1
b - Conjure Flame         Conj/Fire      78%        6-21      1%          3
c - Inner Flame           Hex/Fire       71%        N/A       1%          3
d - Sticky Flame          Conj/Fire      78%        2d9       1%          4
e - Fireball              Conj/Fire      39%        3d16      1%          5

Your spell library contained the following spells:

 Spells                   Type           Power      Damage    Failure   Level
 Pain                     Necr           96%        1d8       1%          1
 Ensorcelled Hibernation  Hex/Ice        48%        N/A       2%          2
 Frozen Ramparts          Ice            48%        1d6       4%          3
 Animate Armour           Summ/Erth      48%        N/A       16%         4
 Dispel Undead            Necr           24%        3d12      16%         4
 Borgnjor's Vile Clutch   Necr/Erth      12%        N/A       41%         5
 Metabolic Englaciation   Hex/Ice        12%        N/A       41%         5
 Silence                  Hex/Air        12%        N/A       41%         5
 Shadow Creatures         Summ           N/A        N/A       94%         6


Dungeon Overview and Level Annotations

Branches:
Dungeon (1/1)

Altars:
Ashenzari
Cheibriados
Dithmenos
Elyvilon
Fedhas
Gozag
Hepliaklqana
Kikubaaqudgha
Makhleb
Nemelex Xobeh
Okawaru
Qazlal
Ru
Sif Muna
Trog
Uskayaw
Vehumet
Wu Jian
Xom
Yredelemnul
Zin
The Shining One
Beogh
Jiyva
Lugonu


Message History

The yaktaur is moderately wounded.
The yaktaur shouts!
The centaur shouts!
The yaktaur shouts!
The centaur wields a +0 shortbow.
The centaur shoots an arrow.
The arrow hits you!
The yaktaur wields a +0 arbalest.
The yaktaur shoots a bolt.
The bolt hits you!
The yaktaur wields a +0 arbalest.
The yaktaur shoots a bolt.
The bolt barely misses you.
Unknown command.
Unknown command.
Casting: Fireball (dangerous; 1% risk of failure)
Confirm with . or Enter, or press ? or * to list all spells.
Aiming: Fireball (dangerous; 1% risk of failure)
Press: ? - help, Shift-Dir - straight line The fireball explodes!
The fireball engulfs the yaktaur!!
You kill the yaktaur!
The fireball engulfs the cyclops!!
The cyclops is heavily wounded.
The cyclops shouts!
The fireball engulfs the yaktaur!!
You kill the yaktaur!
The centaur shoots an arrow.
The arrow hits you.
Your Evocations skill increases to level 6!
Unknown command.
Unknown command.
Unknown command.
Unknown command.
Unknown command.
Casting: Fireball (dangerous; 1% risk of failure)
Confirm with . or Enter, or press ? or * to list all spells.
Aiming: Fireball (dangerous; 1% risk of failure)
Press: ? - help, Shift-Dir - straight line The fireball explodes!
The fireball engulfs the cyclops!
The cyclops is severely wounded.
The fireball engulfs the yaktaur!
The yaktaur is moderately wounded.
The fireball engulfs the centaur!!
You kill the centaur!
The yaktaur wields a +0 arbalest.
The yaktaur shoots a bolt.
The bolt hits you!!
Ouch! That really hurt!
You die...

▓..):)..▓
▓..)))..▓
▓...C.c.▓
▓.......▓
▓.......▓
.......
▓.▓...▓.▓
▓...@...▓
▓▓▓▓▓▓▓▓▓


You could see a cyclops and a yaktaur.

Vanquished Creatures
  An ugly thing (D)
  2 yaktaurs (D)
  3 hornets (D)
  A hornet (shapeshifter) (D)
  4 spriggans (D)
  Sigmund (D)
  2 wolves (D)
  2 centaurs (D)
  Blork the orc (D)
  3 orc priests (D)
  An iron imp (D)
  Jessica (D)
  3 orc wizards (D)
  A shadow imp (D)
  A white imp (D)
  2 ufetubi (D)
  2 orcs (D)
31 creatures vanquished.

Notes
Turn   | Place    | Note
-------+----------+-------------------------------------------
     0 | D        | mhtbhm the Deep Elf Fire Elementalist began the quest for
                  | the Orb.
     0 | D        | Reached XP level 1. HP: 10/10 MP: 6/6
     0 | D        | Found a blossoming altar of Fedhas.
     1 | D        | Found the +6 Majin-Bo {vamp, MP+6 Int+6}
     1 | D        | Found the +9 heavy crossbow "Sniper" {vorpal, Acc+∞ SInv}
     1 | D        | Found the +10 dark maul {vorpal}
     1 | D        | Found the +15 Maxwell's patent armour {-Cast -Tele rElec
                  | Will+ rCorr}
     1 | D        | Found the +18 shield of the Gong {rElec rN+ Will+ EV-5}
     1 | D        | Found the +14 obsidian axe {vorpal, Drain Fly SInv}
     1 | D        | Found the +7 great mace "Firestarter" {inner flame, rF++}
     1 | D        | Found the +6 shillelagh "Devastator" {shatter}
     1 | D        | Found the +11 plutonium sword {Contam Stlth-}
     1 | D        | Found the +8 lance "Wyrmbane" {slay drac, rPois rF+ rC+
                  | AC+3}
     1 | D        | Found the +9 sword of Zonguldrok {reap}
     1 | D        | Found the +13 scythe of Curses {drain, Drain}
     1 | D        | Found the +5 sword of Power {vorpal}
     1 | D        | Found the +7 mace of Variability {chain chaos}
     1 | D        | Found the +7 Singing Sword {vorpal, sonic wave}
     1 | D        | Found the +8 storm bow {elec, penet}
     1 | D        | Found a shimmering blue altar of Sif Muna.
     1 | D        | Found a sacrificial altar of Ru.
     1 | D        | Found a bloodstained altar of Trog.
     1 | D        | Found a stormy altar of Qazlal.
     1 | D        | Found an iron altar of Okawaru.
     1 | D        | Found a sparkling altar of Nemelex Xobeh.
     3 | D        | Found a transporter.
     3 | D        | Found an ancient bone altar of Kikubaaqudgha.
     3 | D        | Found a viscous altar of Jiyva.
     3 | D        | Found a corrupted altar of Lugonu.
     3 | D        | Found a hazy altar of Hepliaklqana.
     3 | D        | Found a burning altar of Makhleb.
     3 | D        | Found an opulent altar of Gozag.
    36 | D        | Reached skill level 6 in Fire Magic
    36 | D        | Reached XP level 2. HP: 15/15 MP: 6/12
    37 | D        | Entered arena 2.
    37 | D        | Noticed a hornet
    37 | D        | Noticed a green ugly thing
    37 | D        | Found a transporter.
    40 | D        | Killed a hornet
    41 | D        | Reached skill level 10 in Fire Magic
    41 | D        | Reached skill level 1 in Evocations
    41 | D        | Reached XP level 3. HP: 13/19 MP: 6/15
    41 | D        | Reached XP level 4. HP: 16/24 MP: 6/17
    41 | D        | Reached XP level 5. HP: 19/28 MP: 6/18
    46 | D        | Killed a green ugly thing
    47 | D        | Reached skill level 10 in Spellcasting
    47 | D        | Reached skill level 12 in Fire Magic
    47 | D        | Reached XP level 6. HP: 22/32 MP: 7/21
    47 | D        | Reached XP level 7. HP: 25/36 MP: 7/23
   136 | D        | Learned a level 3 spell: Conjure Flame
   140 | D        | Learned a level 3 spell: Inner Flame
   145 | D        | Learned a level 4 spell: Sticky Flame
   151 | D        | Learned a level 5 spell: Fireball
   161 | D        | Entered arena 3.
   161 | D        | Noticed Sigmund
   161 | D        | Noticed Jessica
   161 | D        | Noticed Blork the orc
   161 | D        | Found a transporter.
   162 | D        | Identified the +10 rapier of the Bespelling Oracle {drain,
                  | rC+ Will+ Str-2 Stlth+}
   162 | D        | Killed Jessica
   163 | D        | Killed Sigmund
   163 | D        | Killed Blork the orc
   164 | D        | Reached skill level 13 in Fire Magic
   319 | D        | Entered arena 4.
   319 | D        | Found a transporter.
   325 | D        | Got the ring "Linim" {rF+ Will+ Str-4 Stlth+}
   333 | D        | Entered arena 5.
   333 | D        | Found a transporter.
   335 | D        | Reached XP level 8. HP: 41/41 MP: 15/25
   346 | D        | Got the ring of Mikha {Fly rC- Int+6 Dex+3}
   383 | D        | Entered arena 6.
   383 | D        | Found a transporter.
   390 | D        | Reached skill level 14 in Fire Magic
   444 | D        | Entered arena 7.
   444 | D        | Noticed a spriggan rider
   444 | D        | Noticed a spriggan rider
   444 | D        | Noticed a spriggan rider
   447 | D        | Killed a hornet
   448 | D        | Reached skill level 15 in Fire Magic
   448 | D        | Killed a hornet
   449 | D        | Reached XP level 9. HP: 29/45 MP: 10/27
   450 | D        | Reached skill level 5 in Evocations
   451 | D        | Reached skill level 16 in Fire Magic
   531 | D        | Found a transporter.
   550 | D        | Got the Grimoire of the Glacier and Sinister Rites
   556 | D        | Entered arena 8.
   556 | D        | Noticed a cyclops
   556 | D        | Noticed a yaktaur
   556 | D        | Noticed a yaktaur
   556 | D        | Noticed a yaktaur
   558 | D        | Killed a yaktaur
   558 | D        | Killed a yaktaur
   559 | D        | Shot with a bolt by a yaktaur

Illustrated notes

Levels and vault maps discovered:
D:        sprint_v [room_start, room_1, room_2, room_3, room_4, room_5, room_6,
          room_7, room_8, room_9, room_10, room_11, room_12, room_13, room_14,
          room_15, room_16, room_17, room_18, room_19, room_20, room_21,
          room_22, room_23, room_24, room_25, room_26, room_27]

Skill      XL: |  1  2  3  4  5  6  7  8  9 |
---------------+----------------------------+-----
Spellcasting   | 7 9 10 11 12 13 | 13.7
Fire Magic     | 6 10 12 13 15 16 | 16.6
Dodging        | 4 6 7 8 |  8.8
Stealth        | 4 6 7 8 |  8.7
Evocations     | 1 2 3 4 6 |  6.0
Conjurations   | 2 3 |  3.8

Action                   |  1- 3 |  4- 6 |  7- 9 || total
-------------------------+-------+-------+-------++-------
 Cast: Fireball          |       |       |    12 ||    12
Evoke: Lightning rod     |     2 |     3 |     7 ||    12
       Wand              |     1 |       |       ||     1
  Use: Potion            |     1 |       |       ||     1
       Scroll            |       |     1 |       ||     1
Armor: Robe              |     1 |       |       ||     1
Dodge: Dodged            |       |       |     1 ||     1

Table legend: (Time is in decaauts)
 A = Elapsed time spent in this place.
 B = Non-inter-level travel time spent in this place.
 C = Inter-level travel time spent in this place.
 D = Time resting spent in this place.
 E = Time spent auto-exploring this place.
 F = Levels seen in this place.
 G = Mean time per level.
                   A        B        C        D        E       F      G
               +--------+--------+--------+--------+--------+-----+--------+
         Total |    558 |    558 |      0 |    382 |      0 |   1 |  558.0 |
       Dungeon |    558 |    558 |      0 |    382 |      0 |   1 |  558.0 |
               +--------+--------+--------+--------+--------+-----+--------+

Top non-repeatable levels by time:
       D: 558 daAuts
